WCHLSIM.com - West Coast Hockey League
html PUBLIC "-//W3C//DTD XHTML 1.0 Transitional//EN" "http://www.w3.org/TR/xhtml1/DTD/xhtml1-transitional.dtd"> WCHL - Game 251 - KELOWNA ROCKETS vs SAN DIEGO THUNDER

KELOWNA ROCKETS vs SAN DIEGO THUNDER

Created - 19 décembre 2020 at 20:04

Goals
1 2 3 T
KELOWNA ROCKETS 0 0 1 1
SAN DIEGO THUNDER 2 1 0 3
Shots
1 2 3 T
KELOWNA ROCKETS 3 14 15 32
SAN DIEGO THUNDER 11 9 6 26

1st period

1. SAN DIEGO THUNDER , Mark Scheifele 10 (Evander Kane 9) at 0:16
2. SAN DIEGO THUNDER , Justin Holl 1 (Evander Kane 10, Mark Scheifele 13) at 2:17

Penalties :
No Penalty

2nd period

3. SAN DIEGO THUNDER , Evander Kane 5 (Mark Scheifele 14) at 12:03

Penalties :
Marcus Foligno (SDG) for Hooking (Minor) at 0:19, Pavel Buchnevich (KEL) for Holding (Minor) at 3:41, Nikita Kucherov (SDG) for Interference (Minor) at 6:00, Evander Kane (SDG) for Roughing (Minor) at 13:55

3rd period

4. KELOWNA ROCKETS , Tyler Bertuzzi 5 (Mark Giordano 11, Jordan Eberle 12) at 0:18

Penalties :
Michael Matheson (SDG) for Holding (Minor) at 2:05, Jonas Siegenthaler (KEL) for Hooking (Minor) at 9:00, Michael Matheson (SDG) for Tripping (Minor) at 12:16, Mark Borowiecki (SDG) for Slashing (Minor) at 13:13, Joakim Nordstrom (KEL) for High sticking (Minor) at 15:37

Goalie Stats

Marcus Hogberg (KEL), 23 saves from 26 shots - (0,885), L, 2-3-0, 60:00 minutes
Connor Hellebuyck (SDG), 31 saves from 32 shots - (0,969), W, 12-4-1, 60:00 minutes

Players Stats for KELOWNA ROCKETS

Player Name              G  A  P  +/- PIM S  H  SB GA TA FO     MP     PP MP  PK MP  
------------------------------------------------------------------------------------
Adam Fox                 0  0  0   0  0   3  1  0  0  0  0/0    23:30   7:00   2:43 
Alexander Ovechkin       0  0  0   0  0   5  0  0  0  0  0/0    21:10   7:00   0:16 
Anthony Cirelli          0  0  0  -1  0   2  0  1  0  0  10/18  17:34   4:21   2:13 
Auston Matthews          0  0  0  -1  0   2  0  0  0  0  8/18   17:15   0:00   3:44 
Dmitri Orlov             0  0  0  -1  0   0  2  1  0  0  0/0    21:20   3:52   0:57 
Evgeny Kuznetsov         0  0  0   0  0   1  1  0  0  0  15/33  20:25   6:31   0:00 
Ilya Kovalchuk           0  0  0  -1  0   3  2  0  0  0  0/1    15:21   4:21   0:00 
Joakim Nordstrom         0  0  0   0  2   1  1  0  0  0  0/2     4:45   0:00   0:00 
Jonas Siegenthaler       0  0  0  -1  2   1  0  2  0  0  0/0    15:00   0:00   2:08 
Jordan Eberle            0  1  1  -1  0   4  0  0  0  0  0/2    17:15   0:00   3:44 
Kristopher Letang        0  0  0   0  0   3  0  0  0  0  0/0    20:22   3:52   2:43 
Mark Giordano            0  1  1  -1  0   0  1  0  0  0  0/0    19:45   0:00   3:14 
Niklas Hjalmarsson       0  0  0  -1  0   0  0  2  0  0  0/0    13:02   0:00   0:09 
Pavel Buchnevich         0  0  0   0  2   1  1  1  0  0  1/5    21:36   6:31   1:12 
Scott Wilson             0  0  0   0  0   0  0  0  0  0  1/2     4:46   0:00   0:00 
Tyler Bertuzzi           1  0  1  -1  0   2  2  0  0  0  0/2    20:47   6:31   0:45 
Vitaly Abramov           0  0  0   0  0   0  0  0  0  0  0/0     4:46   0:00   0:00 
Vladimir Tarasenko       0  0  0  -1  0   4  1  0  0  0  0/2    15:21   4:21   0:00 

Players Stats for SAN DIEGO THUNDER

Player Name              G  A  P  +/- PIM S  H  SB GA TA FO     MP     PP MP  PK MP  
------------------------------------------------------------------------------------
Charles McAvoy           0  0  0  -1  0   2  0  1  0  0  0/0    24:49   3:10   5:54 
Connor Murphy            0  0  0   2  0   0  1  4  0  0  0/0    24:20   3:10   5:54 
David Perron             0  0  0  -1  0   2  2  0  0  0  1/1    17:49   3:10   0:00 
Drake Batherson          0  0  0   0  0   3  0  1  0  0  1/4     7:58   0:00   3:36 
Evander Kane             1  2  3   3  2   3  3  0  0  0  1/3    17:18   2:47   0:00 
Ilya Mikheyev            0  0  0   3  0   1  0  0  0  0  3/3    17:19   2:47   0:00 
Jean-Gabriel Pageau      0  0  0   0  0   6  0  1  0  0  19/34  19:24   2:47   6:59 
Justin Holl              1  0  1   2  0   1  2  0  0  0  0/0    20:14   0:00   4:58 
Logan Couture            0  0  0  -1  0   2  1  0  0  0  11/18  14:39   0:00   0:00 
Marcus Foligno           0  0  0   0  2   1  2  1  0  0  0/0    16:37   0:00   2:38 
Mark Borowiecki          0  0  0  -1  2   0  6  1  0  0  0/0    22:41   2:47   4:09 
Mark Scheifele           1  2  3   3  0   2  0  0  0  0  12/18  17:42   3:10   0:00 
Michael Matheson         0  0  0   1  4   0  0  1  0  0  0/0    12:30   0:00   0:22 
Michael Pezzetta         0  0  0   0  0   0  0  0  0  0  0/0     0:58   0:00   0:58 
Nikita Kucherov          0  0  0  -1  2   2  0  0  0  0  0/0    17:48   3:10   0:00 
Rasmus Dahlin            0  0  0   1  0   0  3  0  0  0  0/0    15:23   2:47   0:26 
Robert Fabbri            0  0  0   0  0   0  0  0  0  0  1/2     4:22   0:00   0:00 
Ryan Hartman             0  0  0   0  0   1  0  0  0  0  1/2    16:09   0:00   6:31 

3 Stars

1 - Mark Scheifele (SDG)
2 - Evander Kane (SDG)
3 - Connor Hellebuyck (SDG)

Power Play

KELOWNA ROCKETS - 0 on 6 Attempt(s) - 0,00%
SAN DIEGO THUNDER - 0 on 3 Attempt(s) - 0,00%

Penalty Kill

KELOWNA ROCKETS - 3 on 3 Attempt(s) - 100,00% - Score 0 goal in Penalty Kill
SAN DIEGO THUNDER - 6 on 6 Attempt(s) - 100,00% - Score 0 goal in Penalty Kill

Team Stat

KELOWNA ROCKETS - Hits : 12 - Faceoff Wins : 35 - Blocked Shots : 7 - Penalty Minutes : 6
SAN DIEGO THUNDER - Hits : 20 - Faceoff Wins : 50 - Blocked Shots : 10 - Penalty Minutes : 12

Official

Referees : Justin Kea and Shaun Davis
Linesman : Bevan Mills and Jesse Marquis

Game Notes

No Game Note

Finance

Level 1 -- Attendance: 4283 (68,31%) -- Ticket Income 899 430 $
Level 2 -- Attendance: 3182 (59,81%) -- Ticket Income 477 300 $
Level 3 -- Attendance: 1307 (62,54%) -- Ticket Income 156 840 $
Level 4 -- Attendance: 2199 (50,90%) -- Ticket Income 241 890 $
Luxury Box -- Attendance: 909 (90,90%) -- Ticket Income 281 790 $
Total Attendance: 11880 (62,53%)
Total Ticket Income: 2 057 250 $
Other Income: 720 038 $
Total Income: 2 777 288 $

KELOWNA ROCKETS

5 vs 5 Forward 
   Center                   Left Wing                Right Wing               Time % Phy DF OF 
 1 Auston Matthews          Tyler Bertuzzi           Jordan Eberle            36     0   1  4  
 2 Evgeny Kuznetsov         Alexander Ovechkin       Pavel Buchnevich         35     0   2  3  
 3 Anthony Cirelli          Ilya Kovalchuk           Vladimir Tarasenko       28     0   1  4  
 4 Joakim Nordstrom         Scott Wilson             Vitaly Abramov           1      1   2  2  

5 vs 5 Defense 
   Defense                  Defense                                           Time % Phy DF OF 
 1 Mark Giordano            Dmitri Orlov                                      37     1   2  2  
 2 Adam Fox                 Kristopher Letang                                 36     1   2  2  
 3 Jonas Siegenthaler       Niklas Hjalmarsson                                27     1   4  0  
 4 Mark Giordano            Kristopher Letang                                 0      0   2  3  

PowerPlay Forward 
   Center                   Left Wing                Right Wing               Time % Phy DF OF 
 1 Evgeny Kuznetsov         Pavel Buchnevich         Tyler Bertuzzi           65     0   0  5  
 2 Anthony Cirelli          Ilya Kovalchuk           Vladimir Tarasenko       35     0   0  5  

PowerPlay Defense
   Defense                  Defense                                           Time % Phy DF OF 
 1 Alexander Ovechkin       Adam Fox                                          65     0   1  4  
 2 Dmitri Orlov             Kristopher Letang                                 35     0   2  3  

Penalty Kill 4 Players Forward 
   Center                   Wing                     Time % Phy DF OF 
 1 Auston Matthews          Jordan Eberle            55     1   3  1  
 2 Anthony Cirelli          Pavel Buchnevich         45     1   3  1  

Penalty Kill 4 Players Defense
   Defense                  Defense                  Time % Phy DF OF 
 1 Mark Giordano            Jonas Siegenthaler       55     1   2  2  
 2 Adam Fox                 Kristopher Letang        45     1   2  2  

Penalty Kill - 3 Players Forward 
   Forward                                           Time % Phy DF OF 
 1 Auston Matthews                                   55     1   4  0  
 2 Jordan Eberle                                     45     1   4  0  

Penalty Kill - 3 Players Defense
   Defense                  Defense                  Time % Phy DF OF 
 1 Mark Giordano            Jonas Siegenthaler       55     1   2  2  
 2 Adam Fox                 Kristopher Letang        45     1   2  2  

4 vs 4 Forward 
   Center                   Wing                     Time % Phy DF OF 
 1 Auston Matthews          Jordan Eberle            55     0   2  3  
 2 Evgeny Kuznetsov         Alexander Ovechkin       45     0   2  3  

4 vs 4 Defense
   Defense                  Defense                  Time % Phy DF OF 
 1 Mark Giordano            Jonas Siegenthaler       55     1   2  2  
 2 Kristopher Letang        Dmitri Orlov             45     1   2  2  

Last Minutes Offensive
   Center                   Left Wing                Right Wing               Defense                  Defense                  
   Auston Matthews          Alexander Ovechkin       Jordan Eberle            Mark Giordano            Kristopher Letang        

Last Minutes Defensive
   Center                   Left Wing                Right Wing               Defense                  Defense                  
   Auston Matthews          Pavel Buchnevich         Jordan Eberle            Mark Giordano            Kristopher Letang        

Goaltenders
Starting : Marcus Hogberg           
Backup : Tuukka Rask              

Extra Forwards
Normal : Alexander Ovechkin, Auston Matthews, Evgeny Kuznetsov - PP : Anthony Cirelli, Ilya Kovalchuk - PK : Tyler Bertuzzi
Extra Defensemen
Normal : Mark Giordano, Kristopher Letang, Adam Fox - PP : Mark Giordano - PK : Dmitri Orlov, Niklas Hjalmarsson
Penalty Shots
Alexander Ovechkin, Auston Matthews, Evgeny Kuznetsov, Jordan Eberle, Ilya Kovalchuk
Custom OT Lines Forwards
Evgeny Kuznetsov, Alexander Ovechkin, Auston Matthews, Jordan Eberle, Anthony Cirelli, Ilya Kovalchuk, Pavel Buchnevich, Tyler Bertuzzi, Vladimir Tarasenko, Vitaly Abramov
Custom OT Lines Defensemen
Mark Giordano, Adam Fox, Kristopher Letang, Dmitri Orlov, Jonas Siegenthaler

Scratches
Vladislav Kamenev (Herniated Disc Injury)

SAN DIEGO THUNDER

5 vs 5 Forward 
   Center                   Left Wing                Right Wing               Time % Phy DF OF 
 1 Logan Couture            David Perron             Nikita Kucherov          36     0   2  3  
 2 Mark Scheifele           Evander Kane             Ilya Mikheyev            32     0   2  3  
 3 Jean-Gabriel Pageau      Marcus Foligno           Ryan Hartman             24     0   2  3  
 4 Robert Fabbri            Marcus Foligno           Drake Batherson          8      0   3  2  

5 vs 5 Defense 
   Defense                  Defense                                           Time % Phy DF OF 
 1 Charles McAvoy           Mark Borowiecki                                   36     1   2  2  
 2 Justin Holl              Connor Murphy                                     31     1   2  2  
 3 Rasmus Dahlin            Michael Matheson                                  18     0   3  2  
 4 Charles McAvoy           Mark Borowiecki                                   15     1   2  2  

PowerPlay Forward 
   Center                   Left Wing                Right Wing               Time % Phy DF OF 
 1 Mark Scheifele           David Perron             Nikita Kucherov          55     0   1  4  
 2 Jean-Gabriel Pageau      Evander Kane             Ilya Mikheyev            45     0   1  4  

PowerPlay Defense
   Defense                  Defense                                           Time % Phy DF OF 
 1 Charles McAvoy           Connor Murphy                                     55     0   2  3  
 2 Rasmus Dahlin            Mark Borowiecki                                   45     0   2  3  

Penalty Kill 4 Players Forward 
   Center                   Wing                     Time % Phy DF OF 
 1 Jean-Gabriel Pageau      Ryan Hartman             55     0   4  1  
 2 Drake Batherson          Marcus Foligno           45     0   4  1  

Penalty Kill 4 Players Defense
   Defense                  Defense                  Time % Phy DF OF 
 1 Charles McAvoy           Connor Murphy            55     1   3  1  
 2 Justin Holl              Mark Borowiecki          45     1   3  1  

Penalty Kill - 3 Players Forward 
   Forward                                           Time % Phy DF OF 
 1 Ryan Hartman                                      55     0   4  1  
 2 Jean-Gabriel Pageau                               45     0   4  1  

Penalty Kill - 3 Players Defense
   Defense                  Defense                  Time % Phy DF OF 
 1 Charles McAvoy           Connor Murphy            55     0   4  1  
 2 Justin Holl              Mark Borowiecki          45     0   4  1  

4 vs 4 Forward 
   Center                   Wing                     Time % Phy DF OF 
 1 Mark Scheifele           Nikita Kucherov          55     0   2  3  
 2 Logan Couture            David Perron             45     0   2  3  

4 vs 4 Defense
   Defense                  Defense                  Time % Phy DF OF 
 1 Charles McAvoy           Connor Murphy            55     1   2  2  
 2 Rasmus Dahlin            Mark Borowiecki          45     1   2  2  

Last Minutes Offensive
   Center                   Left Wing                Right Wing               Defense                  Defense                  
   Mark Scheifele           David Perron             Nikita Kucherov          Charles McAvoy           Rasmus Dahlin            

Last Minutes Defensive
   Center                   Left Wing                Right Wing               Defense                  Defense                  
   Mark Scheifele           David Perron             Nikita Kucherov          Charles McAvoy           Connor Murphy            

Goaltenders
Starting : Connor Hellebuyck        
Backup : Laurent Brossoit         

Extra Forwards
Normal : Jean-Gabriel Pageau, Marcus Foligno, Ryan Hartman - PP : Jean-Gabriel Pageau, Marcus Foligno - PK : Ryan Hartman
Extra Defensemen
Normal : Connor Murphy, Charles McAvoy, Rasmus Dahlin - PP : Mark Borowiecki - PK : Michael Matheson, Rasmus Dahlin
Penalty Shots
Nikita Kucherov, Mark Scheifele, David Perron, Evander Kane, Ilya Mikheyev
Custom OT Lines Forwards
Nikita Kucherov, Mark Scheifele, David Perron, Evander Kane, Ilya Mikheyev, Jean-Gabriel Pageau, Robert Fabbri, Ryan Hartman, Drake Batherson, Marcus Foligno
Custom OT Lines Defensemen
Charles McAvoy, Connor Murphy, Rasmus Dahlin, Mark Borowiecki, Justin Holl

Scratches
None


% Time on Ice - KELOWNA ROCKETS

Lines # - Real PCT - Wanted PCT - Time Play
Normal Forward
1 - 31% - 36% - 13:31
2 - 32% - 35% - 13:54
3 - 25% - 28% - 11:00
4 - 11% - 1% - 4:46
Normal Defense
1 - 38% - 37% - 16:31
2 - 32% - 36% - 13:47
3 - 30% - 27% - 12:53
4 - 0% - 0% - 0:00
PP Forward
1 - 60% - 65% - 6:31
2 - 40% - 35% - 4:21
PP Defense
1 - 64% - 65% - 7:00
2 - 36% - 35% - 3:52
PK Forward
1 - 63% - 55% - 3:44
2 - 37% - 45% - 2:13
PK Defense
1 - 54% - 55% - 3:14
2 - 46% - 45% - 2:43
PK3 Forward
1 - 0% - 55%
2 - 0% - 45%
PK3 Defense
1 - 0% - 55%
2 - 0% - 45%
44 Forward
1 - 0% - 55%
2 - 0% - 45%
44 Defense
1 - 0% - 55%
2 - 0% - 45%
Last Minute Offensive  - 0:00
Last Minute Defensive  - 0:00
Total
Forward - 60:00
Defense - 60:00

% Time on Ice - SAN DIEGO THUNDER

Lines # - Real PCT - Wanted PCT - Time Play
Normal Forward
1 - 34% - 36% - 14:39
2 - 34% - 32% - 14:32
3 - 22% - 24% - 9:38
4 - 10% - 8% - 4:22
Normal Defense
1 - 32% - 36% - 13:52
2 - 35% - 31% - 15:16
3 - 28% - 18% - 12:10
4 - 4% - 15% - 1:53
PP Forward
1 - 53% - 55% - 3:10
2 - 47% - 45% - 2:47
PP Defense
1 - 53% - 55% - 3:10
2 - 47% - 45% - 2:47
PK Forward
1 - 63% - 55% - 6:14
2 - 37% - 45% - 3:36
PK Defense
1 - 51% - 55% - 5:03
2 - 49% - 45% - 4:47
PK3 Forward
1 - 27% - 55% - 0:17
2 - 73% - 45% - 0:45
PK3 Defense
1 - 82% - 55% - 0:51
2 - 18% - 45% - 0:11
44 Forward
1 - 0% - 55%
2 - 0% - 45%
44 Defense
1 - 0% - 55%
2 - 0% - 45%
Last Minute Offensive  - 0:00
Last Minute Defensive  - 0:00
Total
Forward - 60:00
Defense - 60:00

Play-by-Play

1st period


0:01 of 1st period - Logan Couture wins face-off versus Auston Matthews in neutral zone.
0:07 of 1st period - Icing by Jordan Eberle.
0:08 of 1st period - Mark Scheifele wins face-off versus Auston Matthews in KELOWNA ROCKETS zone.
0:08 of 1st period - Mark Scheifele is hit by Dmitri Orlov.
0:16 of 1st period - Shot by Mark Scheifele.
0:16 of 1st period - Goal by Mark Scheifele - KELOWNA ROCKETS : 0 - SAN DIEGO THUNDER : 1.
0:17 of 1st period - Evgeny Kuznetsov wins face-off versus Jean-Gabriel Pageau in neutral zone.
0:31 of 1st period - Shot by Marcus Foligno.
0:31 of 1st period - Shot Misses the Net.
1:33 of 1st period - Shot by Anthony Cirelli.
1:33 of 1st period - Stopped by Connor Hellebuyck without a rebound.
1:34 of 1st period - Mark Scheifele wins face-off versus Auston Matthews in SAN DIEGO THUNDER zone.
1:34 of 1st period - Mark Scheifele is hit by Tyler Bertuzzi.
2:15 of 1st period - Shot by Evander Kane.
2:15 of 1st period - Shot Blocked by Dmitri Orlov.
2:17 of 1st period - Shot by Justin Holl.
2:17 of 1st period - Goal by Justin Holl - KELOWNA ROCKETS : 0 - SAN DIEGO THUNDER : 2.
2:18 of 1st period - Logan Couture wins face-off versus Anthony Cirelli in neutral zone.
2:26 of 1st period - Icing by Jonas Siegenthaler.
2:27 of 1st period - Anthony Cirelli wins face-off versus Logan Couture in KELOWNA ROCKETS zone.
2:32 of 1st period - Shot by Ilya Kovalchuk.
2:32 of 1st period - Stopped by Connor Hellebuyck without a rebound.
2:33 of 1st period - Logan Couture wins face-off versus Evgeny Kuznetsov in SAN DIEGO THUNDER zone.
2:33 of 1st period - Logan Couture is hit by Pavel Buchnevich.
2:51 of 1st period - Shot by David Perron.
2:51 of 1st period - Shot Misses the Net.
3:07 of 1st period - Logan Couture is hit by Adam Fox and loses puck.
3:36 of 1st period - Icing by Dmitri Orlov.
3:37 of 1st period - Robert Fabbri wins face-off versus Vladimir Tarasenko in KELOWNA ROCKETS zone.
4:04 of 1st period - Shot by Drake Batherson.
4:04 of 1st period - Stopped by Marcus Hogberg without a rebound.
4:05 of 1st period - Mark Scheifele wins face-off versus Auston Matthews in KELOWNA ROCKETS zone.
4:06 of 1st period - Shot by Ilya Mikheyev.
4:06 of 1st period - Stopped by Marcus Hogberg without a rebound.
4:07 of 1st period - Ilya Mikheyev wins face-off versus Tyler Bertuzzi in KELOWNA ROCKETS zone.
4:08 of 1st period - Shot by Evander Kane.
4:08 of 1st period - Shot Misses the Net.
4:20 of 1st period - Shot by Ilya Mikheyev.
4:20 of 1st period - Shot Misses the Net.
6:03 of 1st period - Icing by Mark Borowiecki.
6:04 of 1st period - Evgeny Kuznetsov wins face-off versus Jean-Gabriel Pageau in SAN DIEGO THUNDER zone.
6:25 of 1st period - Shot by Jean-Gabriel Pageau.
6:25 of 1st period - Stopped by Marcus Hogberg without a rebound.
6:26 of 1st period - Logan Couture wins face-off versus Auston Matthews in KELOWNA ROCKETS zone.
6:27 of 1st period - Shot by Nikita Kucherov.
6:27 of 1st period - Shot Misses the Net.
7:35 of 1st period - Shot by Drake Batherson.
7:35 of 1st period - Stopped by Marcus Hogberg with a rebound.
7:39 of 1st period - Shot by Marcus Foligno.
7:39 of 1st period - Stopped by Marcus Hogberg with a rebound.
7:46 of 1st period - Tyler Bertuzzi is hit by Mark Borowiecki.
7:59 of 1st period - Icing by Kristopher Letang.
8:00 of 1st period - Mark Scheifele wins face-off versus Evgeny Kuznetsov in KELOWNA ROCKETS zone.
8:08 of 1st period - Icing by Kristopher Letang.
8:09 of 1st period - Mark Scheifele wins face-off versus Evgeny Kuznetsov in KELOWNA ROCKETS zone.
8:46 of 1st period - Icing by Justin Holl.
8:47 of 1st period - Mark Scheifele wins face-off versus Scott Wilson in SAN DIEGO THUNDER zone.
9:51 of 1st period - Shot by Anthony Cirelli.
9:51 of 1st period - Deflect By Vladimir Tarasenko.
9:51 of 1st period - Stopped by Connor Hellebuyck without a rebound.
9:52 of 1st period - Evgeny Kuznetsov wins face-off versus Jean-Gabriel Pageau in SAN DIEGO THUNDER zone.
9:52 of 1st period - Evgeny Kuznetsov is hit by Rasmus Dahlin.
10:04 of 1st period - Shot by Jean-Gabriel Pageau.
10:04 of 1st period - Shot Misses the Net.
10:22 of 1st period - Niklas Hjalmarsson is hit by Marcus Foligno and loses puck.
11:34 of 1st period - Jordan Eberle is hit by Connor Murphy and loses puck.
12:03 of 1st period - Auston Matthews is hit by Justin Holl and loses puck.
12:16 of 1st period - Shot by Ilya Kovalchuk.
12:16 of 1st period - Shot Misses the Net.
12:59 of 1st period - Shot by David Perron.
12:59 of 1st period - Stopped by Marcus Hogberg without a rebound.
13:00 of 1st period - Jean-Gabriel Pageau wins face-off versus Joakim Nordstrom in KELOWNA ROCKETS zone.
13:24 of 1st period - Icing by Jean-Gabriel Pageau.
13:25 of 1st period - Ryan Hartman wins face-off versus Auston Matthews in SAN DIEGO THUNDER zone.
13:40 of 1st period - Shot by Jean-Gabriel Pageau.
13:40 of 1st period - Stopped by Marcus Hogberg with a rebound.
14:23 of 1st period - Charles McAvoy is hit by Ilya Kovalchuk and loses puck.
15:59 of 1st period - Shot by Alexander Ovechkin.
15:59 of 1st period - Shot Blocked by Connor Murphy.
16:29 of 1st period - Auston Matthews is hit by Rasmus Dahlin.
17:05 of 1st period - Shot by Evander Kane.
17:05 of 1st period - Shot Misses the Net.
17:21 of 1st period - Tyler Bertuzzi is hit by David Perron and loses puck.
17:30 of 1st period - Shot by Logan Couture.
17:30 of 1st period - Deflect By Nikita Kucherov.
17:30 of 1st period - Stopped by Marcus Hogberg without a rebound.
17:31 of 1st period - Logan Couture wins face-off versus Ilya Kovalchuk in KELOWNA ROCKETS zone.
17:55 of 1st period - Shot by Nikita Kucherov.
17:55 of 1st period - Shot Misses the Net.
17:57 of 1st period - Shot by Charles McAvoy.
17:57 of 1st period - Shot Misses the Net.
17:59 of 1st period - Shot by Logan Couture.
17:59 of 1st period - Shot Blocked by Jonas Siegenthaler.
18:01 of 1st period - Shot by Charles McAvoy.
18:01 of 1st period - Stopped by Marcus Hogberg with a rebound.
18:03 of 1st period - Shot by Mark Borowiecki.
18:03 of 1st period - Shot Blocked by Jonas Siegenthaler.
18:05 of 1st period - Shot by Nikita Kucherov.
18:05 of 1st period - Deflect By Logan Couture.
18:05 of 1st period - Shot Misses the Net.
18:32 of 1st period - Icing by Rasmus Dahlin.
18:33 of 1st period - Mark Scheifele wins face-off versus Evgeny Kuznetsov in SAN DIEGO THUNDER zone.
19:02 of 1st period - Icing by Kristopher Letang.
19:03 of 1st period - Evgeny Kuznetsov wins face-off versus Logan Couture in KELOWNA ROCKETS zone.
19:03 of 1st period - Evgeny Kuznetsov is hit by Logan Couture.
19:27 of 1st period - Shot by Pavel Buchnevich.
19:27 of 1st period - Shot Misses the Net.
Goals for this period are 0 for KELOWNA ROCKETS vs 2 for SAN DIEGO THUNDER.
Shots for this period are 3 for KELOWNA ROCKETS vs 11 for SAN DIEGO THUNDER.

2nd period


0:01 of 2nd period - Jean-Gabriel Pageau wins face-off versus Auston Matthews in neutral zone.
0:19 of 2nd period - Minor Penalty to Marcus Foligno for Hooking.
0:20 of 2nd period - Evgeny Kuznetsov wins face-off versus Jean-Gabriel Pageau in SAN DIEGO THUNDER zone.
0:23 of 2nd period - Shot by Alexander Ovechkin.
0:23 of 2nd period - Shot Misses the Net.
0:25 of 2nd period - Shot by Tyler Bertuzzi.
0:25 of 2nd period - Shot Blocked by Charles McAvoy.
0:27 of 2nd period - Shot by Tyler Bertuzzi.
0:27 of 2nd period - Deflect By Pavel Buchnevich.
0:27 of 2nd period - Shot Misses the Net.
0:29 of 2nd period - Shot by Adam Fox.
0:29 of 2nd period - Deflect By Evgeny Kuznetsov.
0:29 of 2nd period - Shot Misses the Net.
0:37 of 2nd period - Shot by Alexander Ovechkin.
0:37 of 2nd period - Shot Misses the Net.
0:39 of 2nd period - Shot by Adam Fox.
0:39 of 2nd period - Stopped by Connor Hellebuyck without a rebound.
0:40 of 2nd period - Anthony Cirelli wins face-off versus Drake Batherson in SAN DIEGO THUNDER zone.
0:46 of 2nd period - Shot by Kristopher Letang.
0:46 of 2nd period - Stopped by Connor Hellebuyck with a rebound.
0:48 of 2nd period - Shot by Kristopher Letang.
0:48 of 2nd period - Stopped by Connor Hellebuyck with a rebound.
0:50 of 2nd period - Shot by Kristopher Letang.
0:50 of 2nd period - Shot Misses the Net.
0:58 of 2nd period - Shot by Kristopher Letang.
0:58 of 2nd period - Shot Blocked by Mark Borowiecki.
1:37 of 2nd period - Shot by Adam Fox.
1:37 of 2nd period - Stopped by Connor Hellebuyck without a rebound.
1:38 of 2nd period - Jean-Gabriel Pageau wins face-off versus Tyler Bertuzzi in SAN DIEGO THUNDER zone.
1:55 of 2nd period - Shot by Alexander Ovechkin.
1:55 of 2nd period - Stopped by Connor Hellebuyck without a rebound.
1:56 of 2nd period - Jean-Gabriel Pageau wins face-off versus Evgeny Kuznetsov in SAN DIEGO THUNDER zone.
2:48 of 2nd period - Shot by Nikita Kucherov.
2:48 of 2nd period - Shot Misses the Net.
2:54 of 2nd period - Shot by Nikita Kucherov.
2:54 of 2nd period - Stopped by Marcus Hogberg without a rebound.
2:55 of 2nd period - Auston Matthews wins face-off versus Mark Scheifele in KELOWNA ROCKETS zone.
3:40 of 2nd period - Off-side.
3:41 of 2nd period - Jean-Gabriel Pageau wins face-off versus Evgeny Kuznetsov in neutral zone.
3:41 of 2nd period - Minor Penalty to Pavel Buchnevich for Holding.
3:42 of 2nd period - Mark Scheifele wins face-off versus Auston Matthews in KELOWNA ROCKETS zone.
4:40 of 2nd period - Shot by Jean-Gabriel Pageau.
4:40 of 2nd period - Stopped by Marcus Hogberg without a rebound.
4:41 of 2nd period - Auston Matthews wins face-off versus Jean-Gabriel Pageau in KELOWNA ROCKETS zone.
5:56 of 2nd period - Shot by Drake Batherson.
5:56 of 2nd period - Stopped by Marcus Hogberg without a rebound.
5:57 of 2nd period - Logan Couture wins face-off versus Evgeny Kuznetsov in KELOWNA ROCKETS zone.
6:00 of 2nd period - Minor Penalty to Nikita Kucherov for Interference.
6:01 of 2nd period - Jean-Gabriel Pageau wins face-off versus Evgeny Kuznetsov in SAN DIEGO THUNDER zone.
7:25 of 2nd period - Shot by Vladimir Tarasenko.
7:25 of 2nd period - Stopped by Connor Hellebuyck without a rebound.
7:26 of 2nd period - Drake Batherson wins face-off versus Pavel Buchnevich in SAN DIEGO THUNDER zone.
7:26 of 2nd period - Drake Batherson is hit by Tyler Bertuzzi.
7:40 of 2nd period - Icing by Adam Fox.
7:41 of 2nd period - Evgeny Kuznetsov wins face-off versus Drake Batherson in KELOWNA ROCKETS zone.
7:46 of 2nd period - Shot by Tyler Bertuzzi.
7:46 of 2nd period - Stopped by Connor Hellebuyck without a rebound.
7:47 of 2nd period - Anthony Cirelli wins face-off versus Drake Batherson in SAN DIEGO THUNDER zone.
7:48 of 2nd period - Shot by Vladimir Tarasenko.
7:48 of 2nd period - Stopped by Connor Hellebuyck without a rebound.
7:49 of 2nd period - Jean-Gabriel Pageau wins face-off versus Vladimir Tarasenko in SAN DIEGO THUNDER zone.
8:18 of 2nd period - Shot by Logan Couture.
8:18 of 2nd period - Deflect By David Perron.
8:18 of 2nd period - Shot Misses the Net.
8:46 of 2nd period - Shot by Nikita Kucherov.
8:46 of 2nd period - Shot Blocked by Niklas Hjalmarsson.
9:00 of 2nd period - Shot by Evander Kane.
9:00 of 2nd period - Stopped by Marcus Hogberg without a rebound.
9:01 of 2nd period - Evgeny Kuznetsov wins face-off versus Jean-Gabriel Pageau in KELOWNA ROCKETS zone.
9:09 of 2nd period - Alexander Ovechkin is hit by Mark Borowiecki and loses puck.
9:35 of 2nd period - Shot by Jean-Gabriel Pageau.
9:35 of 2nd period - Stopped by Marcus Hogberg without a rebound.
9:36 of 2nd period - Anthony Cirelli wins face-off versus Mark Scheifele in KELOWNA ROCKETS zone.
9:36 of 2nd period - Anthony Cirelli is hit by Evander Kane.
9:54 of 2nd period - Shot by Mark Scheifele.
9:54 of 2nd period - Shot Misses the Net.
10:15 of 2nd period - Off-side.
10:16 of 2nd period - Pavel Buchnevich wins face-off versus Logan Couture in neutral zone.
10:52 of 2nd period - Shot by Alexander Ovechkin.
10:52 of 2nd period - Stopped by Connor Hellebuyck with a rebound.
11:59 of 2nd period - Shot by Ryan Hartman.
11:59 of 2nd period - Stopped by Marcus Hogberg without a rebound.
12:00 of 2nd period - Mark Scheifele wins face-off versus Anthony Cirelli in KELOWNA ROCKETS zone.
12:03 of 2nd period - Shot by Evander Kane.
12:03 of 2nd period - Goal by Evander Kane - KELOWNA ROCKETS : 0 - SAN DIEGO THUNDER : 3.
12:04 of 2nd period - Ilya Mikheyev wins face-off versus Anthony Cirelli in neutral zone.
12:11 of 2nd period - Shot by Evander Kane.
12:11 of 2nd period - Shot Blocked by Niklas Hjalmarsson.
12:21 of 2nd period - Shot by Ilya Mikheyev.
12:21 of 2nd period - Deflect By Mark Scheifele.
12:21 of 2nd period - Stopped by Marcus Hogberg without a rebound.
12:22 of 2nd period - David Perron wins face-off versus Jordan Eberle in KELOWNA ROCKETS zone.
12:30 of 2nd period - Icing by Dmitri Orlov.
12:31 of 2nd period - Jean-Gabriel Pageau wins face-off versus Auston Matthews in KELOWNA ROCKETS zone.
12:31 of 2nd period - Marcus Foligno is hit by Mark Giordano and loses puck.
12:55 of 2nd period - Auston Matthews is hit by Mark Borowiecki and loses puck.
13:16 of 2nd period - Shot by Jordan Eberle.
13:16 of 2nd period - Stopped by Connor Hellebuyck without a rebound.
13:17 of 2nd period - Anthony Cirelli wins face-off versus Logan Couture in SAN DIEGO THUNDER zone.
13:35 of 2nd period - Icing by Logan Couture.
13:36 of 2nd period - Logan Couture wins face-off versus Evgeny Kuznetsov in SAN DIEGO THUNDER zone.
13:47 of 2nd period - Shot by Logan Couture.
13:47 of 2nd period - Stopped by Marcus Hogberg without a rebound.
13:48 of 2nd period - Anthony Cirelli wins face-off versus Mark Scheifele in KELOWNA ROCKETS zone.
13:48 of 2nd period - Anthony Cirelli is hit by Evander Kane.
13:55 of 2nd period - Minor Penalty to Evander Kane for Roughing.
13:56 of 2nd period - Jean-Gabriel Pageau wins face-off versus Evgeny Kuznetsov in SAN DIEGO THUNDER zone.
14:07 of 2nd period - Shot by Alexander Ovechkin.
14:07 of 2nd period - Stopped by Connor Hellebuyck without a rebound.
14:08 of 2nd period - Jean-Gabriel Pageau wins face-off versus Evgeny Kuznetsov in SAN DIEGO THUNDER zone.
14:08 of 2nd period - Jean-Gabriel Pageau is hit by Evgeny Kuznetsov.
14:42 of 2nd period - Shot by Alexander Ovechkin.
14:42 of 2nd period - Stopped by Connor Hellebuyck without a rebound.
14:43 of 2nd period - Jean-Gabriel Pageau wins face-off versus Anthony Cirelli in SAN DIEGO THUNDER zone.
14:53 of 2nd period - Icing by Kristopher Letang.
14:54 of 2nd period - Anthony Cirelli wins face-off versus Jean-Gabriel Pageau in KELOWNA ROCKETS zone.
15:03 of 2nd period - Shot by Vladimir Tarasenko.
15:03 of 2nd period - Stopped by Connor Hellebuyck without a rebound.
15:04 of 2nd period - Jean-Gabriel Pageau wins face-off versus Evgeny Kuznetsov in SAN DIEGO THUNDER zone.
15:12 of 2nd period - Icing by Adam Fox.
15:13 of 2nd period - Jean-Gabriel Pageau wins face-off versus Pavel Buchnevich in KELOWNA ROCKETS zone.
15:40 of 2nd period - Shot by Alexander Ovechkin.
15:40 of 2nd period - Shot Blocked by Drake Batherson.
17:00 of 2nd period - Evander Kane is hit by Joakim Nordstrom and loses puck.
17:24 of 2nd period - Icing by Jonas Siegenthaler.
17:25 of 2nd period - Scott Wilson wins face-off versus Jean-Gabriel Pageau in KELOWNA ROCKETS zone.
17:25 of 2nd period - Scott Wilson is hit by Marcus Foligno.
18:21 of 2nd period - Pavel Buchnevich is hit by Justin Holl and loses puck.
19:16 of 2nd period - Shot by Jordan Eberle.
19:16 of 2nd period - Stopped by Connor Hellebuyck with a rebound.
19:18 of 2nd period - Shot by Mark Giordano.
19:18 of 2nd period - Shot Misses the Net.
Goals for this period are 0 for KELOWNA ROCKETS vs 1 for SAN DIEGO THUNDER.
Shots for this period are 14 for KELOWNA ROCKETS vs 9 for SAN DIEGO THUNDER.

3rd period


0:01 of 3rd period - Logan Couture wins face-off versus Pavel Buchnevich in neutral zone.
0:10 of 3rd period - Icing by Mark Borowiecki.
0:11 of 3rd period - Auston Matthews wins face-off versus Logan Couture in SAN DIEGO THUNDER zone.
0:18 of 3rd period - Shot by Tyler Bertuzzi.
0:18 of 3rd period - Goal by Tyler Bertuzzi - KELOWNA ROCKETS : 1 - SAN DIEGO THUNDER : 3.
0:19 of 3rd period - Evgeny Kuznetsov wins face-off versus Mark Scheifele in neutral zone.
0:37 of 3rd period - Icing by Charles McAvoy.
0:38 of 3rd period - Ilya Mikheyev wins face-off versus Jordan Eberle in SAN DIEGO THUNDER zone.
1:21 of 3rd period - Shot by Jordan Eberle.
1:21 of 3rd period - Stopped by Connor Hellebuyck without a rebound.
1:22 of 3rd period - Logan Couture wins face-off versus Evgeny Kuznetsov in SAN DIEGO THUNDER zone.
1:24 of 3rd period - Icing by David Perron.
1:25 of 3rd period - Evgeny Kuznetsov wins face-off versus Logan Couture in SAN DIEGO THUNDER zone.
1:36 of 3rd period - Shot by Pavel Buchnevich.
1:36 of 3rd period - Shot Misses the Net.
1:38 of 3rd period - Shot by Pavel Buchnevich.
1:38 of 3rd period - Shot Misses the Net.
1:40 of 3rd period - Shot by Adam Fox.
1:40 of 3rd period - Shot Blocked by Connor Murphy.
1:54 of 3rd period - Shot by Alexander Ovechkin.
1:54 of 3rd period - Deflect By Evgeny Kuznetsov.
1:54 of 3rd period - Stopped by Connor Hellebuyck without a rebound.
1:55 of 3rd period - Auston Matthews wins face-off versus Jean-Gabriel Pageau in SAN DIEGO THUNDER zone.
2:05 of 3rd period - Minor Penalty to Michael Matheson for Holding.
2:06 of 3rd period - Jean-Gabriel Pageau wins face-off versus Evgeny Kuznetsov in SAN DIEGO THUNDER zone.
2:38 of 3rd period - Shot by Pavel Buchnevich.
2:38 of 3rd period - Stopped by Connor Hellebuyck without a rebound.
2:39 of 3rd period - Jean-Gabriel Pageau wins face-off versus Anthony Cirelli in SAN DIEGO THUNDER zone.
2:39 of 3rd period - Jean-Gabriel Pageau is hit by Vladimir Tarasenko.
2:50 of 3rd period - Justin Holl is hit by Ilya Kovalchuk.
3:10 of 3rd period - Shot by Anthony Cirelli.
3:10 of 3rd period - Shot Blocked by Connor Murphy.
3:12 of 3rd period - Shot by Kristopher Letang.
3:12 of 3rd period - Shot Blocked by Connor Murphy.
3:14 of 3rd period - Shot by Ilya Kovalchuk.
3:14 of 3rd period - Stopped by Connor Hellebuyck with a rebound.
3:18 of 3rd period - Shot by Kristopher Letang.
3:18 of 3rd period - Stopped by Connor Hellebuyck without a rebound.
3:19 of 3rd period - Evgeny Kuznetsov wins face-off versus Jean-Gabriel Pageau in SAN DIEGO THUNDER zone.
3:38 of 3rd period - Shot by Evgeny Kuznetsov.
3:38 of 3rd period - Shot Misses the Net.
3:45 of 3rd period - Icing by Tyler Bertuzzi.
3:46 of 3rd period - Evgeny Kuznetsov wins face-off versus Jean-Gabriel Pageau in KELOWNA ROCKETS zone.
4:28 of 3rd period - Shot by Anthony Cirelli.
4:28 of 3rd period - Stopped by Connor Hellebuyck without a rebound.
4:29 of 3rd period - Mark Scheifele wins face-off versus Joakim Nordstrom in SAN DIEGO THUNDER zone.
4:46 of 3rd period - Shot by Evander Kane.
4:46 of 3rd period - Stopped by Marcus Hogberg with a rebound.
4:48 of 3rd period - Shot by Charles McAvoy.
4:48 of 3rd period - Stopped by Marcus Hogberg without a rebound.
4:49 of 3rd period - Evgeny Kuznetsov wins face-off versus Logan Couture in KELOWNA ROCKETS zone.
4:49 of 3rd period - Evgeny Kuznetsov is hit by David Perron.
5:27 of 3rd period - Nikita Kucherov is hit by Dmitri Orlov and loses puck.
5:58 of 3rd period - Shot by Auston Matthews.
5:58 of 3rd period - Shot Misses the Net.
6:17 of 3rd period - Auston Matthews is hit by Mark Borowiecki and loses puck.
6:20 of 3rd period - Shot by Auston Matthews.
6:20 of 3rd period - Deflect By Jordan Eberle.
6:20 of 3rd period - Stopped by Connor Hellebuyck with a rebound.
6:25 of 3rd period - Auston Matthews is hit by Mark Borowiecki and loses puck.
6:48 of 3rd period - Anthony Cirelli is hit by Evander Kane and loses puck.
7:11 of 3rd period - Shot by Ryan Hartman.
7:11 of 3rd period - Shot Misses the Net.
7:17 of 3rd period - Shot by Ryan Hartman.
7:17 of 3rd period - Shot Blocked by Anthony Cirelli.
7:19 of 3rd period - Shot by Marcus Foligno.
7:19 of 3rd period - Shot Misses the Net.
7:21 of 3rd period - Shot by Jean-Gabriel Pageau.
7:21 of 3rd period - Stopped by Marcus Hogberg without a rebound.
7:22 of 3rd period - Logan Couture wins face-off versus Evgeny Kuznetsov in KELOWNA ROCKETS zone.
7:27 of 3rd period - Shot by Logan Couture.
7:27 of 3rd period - Stopped by Marcus Hogberg without a rebound.
7:28 of 3rd period - Logan Couture wins face-off versus Evgeny Kuznetsov in KELOWNA ROCKETS zone.
8:39 of 3rd period - Shot by Jordan Eberle.
8:39 of 3rd period - Deflect By Auston Matthews.
8:39 of 3rd period - Stopped by Connor Hellebuyck without a rebound.
8:40 of 3rd period - Evander Kane wins face-off versus Anthony Cirelli in SAN DIEGO THUNDER zone.
9:00 of 3rd period - Minor Penalty to Jonas Siegenthaler for Hooking.
9:01 of 3rd period - Auston Matthews wins face-off versus Evander Kane in KELOWNA ROCKETS zone.
9:28 of 3rd period - Shot by Jordan Eberle.
9:28 of 3rd period - Deflect By Auston Matthews.
9:28 of 3rd period - Stopped by Connor Hellebuyck without a rebound.
9:29 of 3rd period - Mark Scheifele wins face-off versus Auston Matthews in SAN DIEGO THUNDER zone.
11:32 of 3rd period - Shot by Joakim Nordstrom.
11:32 of 3rd period - Shot Blocked by Marcus Foligno.
11:34 of 3rd period - Shot by Jonas Siegenthaler.
11:34 of 3rd period - Stopped by Connor Hellebuyck with a rebound.
11:57 of 3rd period - Icing by Drake Batherson.
11:58 of 3rd period - Evgeny Kuznetsov wins face-off versus Robert Fabbri in SAN DIEGO THUNDER zone.
12:03 of 3rd period - Shot by Alexander Ovechkin.
12:03 of 3rd period - Shot Hit the Post.
12:05 of 3rd period - Shot by Mark Giordano.
12:05 of 3rd period - Shot Blocked by Michael Matheson.
12:07 of 3rd period - Shot by Dmitri Orlov.
12:07 of 3rd period - Shot Misses the Net.
12:16 of 3rd period - Minor Penalty to Michael Matheson for Tripping.
12:17 of 3rd period - Jean-Gabriel Pageau wins face-off versus Anthony Cirelli in SAN DIEGO THUNDER zone.
12:37 of 3rd period - Icing by Adam Fox.
12:38 of 3rd period - Anthony Cirelli wins face-off versus Jean-Gabriel Pageau in KELOWNA ROCKETS zone.
12:54 of 3rd period - Shot by Anthony Cirelli.
12:54 of 3rd period - Shot Misses the Net.
12:56 of 3rd period - Shot by Adam Fox.
12:56 of 3rd period - Stopped by Connor Hellebuyck without a rebound.
12:57 of 3rd period - Jean-Gabriel Pageau wins face-off versus Pavel Buchnevich in SAN DIEGO THUNDER zone.
13:13 of 3rd period - Minor Penalty to Mark Borowiecki for Slashing.
13:14 of 3rd period - Anthony Cirelli wins face-off versus Ryan Hartman in SAN DIEGO THUNDER zone.
13:19 of 3rd period - Shot by Ilya Kovalchuk.
13:19 of 3rd period - Stopped by Connor Hellebuyck without a rebound.
13:20 of 3rd period - Jean-Gabriel Pageau wins face-off versus Evgeny Kuznetsov in SAN DIEGO THUNDER zone.
13:34 of 3rd period - Shot by Alexander Ovechkin.
13:34 of 3rd period - Stopped by Connor Hellebuyck without a rebound.
13:35 of 3rd period - Anthony Cirelli wins face-off versus Jean-Gabriel Pageau in SAN DIEGO THUNDER zone.
14:52 of 3rd period - Off-side.
14:53 of 3rd period - Jean-Gabriel Pageau wins face-off versus Evgeny Kuznetsov in neutral zone.
15:10 of 3rd period - Shot by Tyler Bertuzzi.
15:10 of 3rd period - Shot Blocked by Jean-Gabriel Pageau.
15:23 of 3rd period - Joakim Nordstrom is hit by Rasmus Dahlin and loses puck.
15:37 of 3rd period - Minor Penalty to Joakim Nordstrom for High sticking.
15:38 of 3rd period - Auston Matthews wins face-off versus Mark Scheifele in KELOWNA ROCKETS zone.
15:48 of 3rd period - Off-side.
15:49 of 3rd period - Auston Matthews wins face-off versus Evander Kane in neutral zone.
15:59 of 3rd period - Icing by Evander Kane.
16:00 of 3rd period - Auston Matthews wins face-off versus Jean-Gabriel Pageau in SAN DIEGO THUNDER zone.
16:01 of 3rd period - Shot by Jordan Eberle.
16:01 of 3rd period - Shot Misses the Net.
16:43 of 3rd period - Shot by Jean-Gabriel Pageau.
16:43 of 3rd period - Shot Blocked by Pavel Buchnevich.
17:27 of 3rd period - Shot by David Perron.
17:27 of 3rd period - Stopped by Marcus Hogberg with a rebound.
17:55 of 3rd period - Shot by Joakim Nordstrom.
17:55 of 3rd period - Stopped by Connor Hellebuyck without a rebound.
17:56 of 3rd period - Evgeny Kuznetsov wins face-off versus Jean-Gabriel Pageau in SAN DIEGO THUNDER zone.
18:25 of 3rd period - Shot by Jean-Gabriel Pageau.
18:25 of 3rd period - Stopped by Marcus Hogberg without a rebound.
18:26 of 3rd period - Mark Scheifele wins face-off versus Anthony Cirelli in KELOWNA ROCKETS zone.
18:44 of 3rd period - Ilya Kovalchuk is hit by Mark Borowiecki.
19:44 of 3rd period - Icing by Mark Borowiecki.
19:45 of 3rd period - Evgeny Kuznetsov wins face-off versus Mark Scheifele in SAN DIEGO THUNDER zone.
Goals for this period are 1 for KELOWNA ROCKETS vs 0 for SAN DIEGO THUNDER.
Shots for this period are 15 for KELOWNA ROCKETS vs 6 for SAN DIEGO THUNDER.


RYAN
NUGENT-HOPKINS
THATCHER
DEMKO
MITCHELL
MARNER

EAST COAST

HOCKEY LEAGUE

  • 13.MAN3PIT5
  • 14.NHW2ATL3
  • 15.PET5WOR4
  • 16.RHI30
  • 17.QUECHI
  • 18.CHALIM
  • 19.TRVLON
  • 20.CHWBAL